 Dungeon Crawl Stone Soup version 0.24.0-2-g5b39cebb1c (webtiles) character file.

Game seed: 1279626527834480006, levelgen mode: deterministic

2214 Esekla the Slasher (level 9, -1/61 HPs)
             Began as an Octopode Warper on Oct 29, 2019.
             Was an Initiate of Ashenzari.
             Killed from afar by an orc wizard (11 damage)
             ... with a magic dart
             ... on level 6 of the Dungeon.
             The game lasted 01:15:27 (11141 turns).

Esekla the Slasher (Octopode Warper)               Turns: 11141, Time: 01:15:27

Health: -1/61      AC:  1    Str: 10    XL:     9   Next: 35%
Magic:  15/23      EV: 18    Int: 18    God:    Ashenzari [......]
Gold:   140        SH:  0    Dex: 16    Spells: 1/15 levels left

rFire    . . .     SeeInvis .   a - +1 falchion
rCold    + . .     Gourm    .   (no shield)
rNeg     . . .     Faith    .   (helmet restricted)
rPois    .         Spirit   .   (no amulet)
rElec    .         Reflect  .   j - ring of protection from cold
rCorr    .         Harm     .   x - ring of protection from cold
MR       .....                  y - ring of magical power
Stlth    ++++......             E - ring of the Barracuda {rC- EV+2 Dex+4}
HPRegen  0.20/turn              (no ring)
MPRegen  0.18/turn              (no ring)
                                (no ring)
                                (no ring)

@: very slightly contaminated
A: almost no armour, stealthy swim, amphibious, 8 rings, constrict 8, camouflage
1, gelatinous body 1
a: Curse Item, Renounce Religion


You were on level 6 of the Dungeon.
You worshipped Ashenzari.
Ashenzari was noncommittal.
You were not hungry.

You visited 2 branches of the dungeon, and saw 7 of its levels.

You collected 380 gold pieces.
You spent 240 gold pieces at shops.

Inventory:

Hand Weapons
 a - a +1 falchion (weapon)
 p - a +2 spear of piercing
 s - a +1 short sword of venom
 v - a +2 scythe of venom
Missiles
 k - 7 boomerangs (quivered)
 w - 5 boomerangs of dispersal
 C - 2 silver boomerangs
Armour
 B - a +2 shield of fire resistance
Jewellery
 j - a ring of protection from cold (left tentacle)
 x - a ring of protection from cold (right tentacle)
 y - a ring of magical power (on tentacle)
 E - the ring of the Barracuda (on tentacle) {rC- EV+2 Dex+4}
   (You found it on level 6 of the Dungeon)

   [ring of evasion]

   It affects your evasion (+2).
   It affects your dexterity (+4).
   It makes you vulnerable to cold.
Wands
 g - a wand of flame (14)
 q - a wand of iceblast (12)
 u - a wand of polymorph (9)
Scrolls
 b - 3 scrolls of enchant weapon
 c - a scroll of blinking
 e - 2 scrolls of teleportation
 o - a scroll of amnesia
 z - 3 scrolls of remove curse
 A - 2 scrolls of noise
Potions
 d - a potion of magic {unknown}
 h - a potion of haste
 i - a potion of berserk rage {unknown}
 l - a potion of degeneration {unknown}
 m - a potion of ambrosia {unknown}
 n - a potion of might {unknown}
 r - a potion of heal wounds {unknown}
 t - 2 potions of lignification {unknown}
 D - a potion of mutation {unknown}
Comestibles
 f - 6 rations


   Skills:
 + Level 5.0 Fighting
 * Level 2.4(4.5) Short Blades
 * Level 5.9(6.2) Long Blades
 + Level 1.1 Polearms
 - Level 1.0 Throwing
 + Level 4.5 Dodging
 - Level 4.0 Stealth
 * Level 3.8 Spellcasting
 * Level 2.0 Conjurations
 * Level 4.1 Charms
 + Level 3.9 Translocations
 * Level 0.1 Fire Magic
 * Level 2.0 Air Magic
 * Level 2.7 Poison Magic


You had one spell level left.
You knew the following spells:

 Your Spells              Type           Power        Failure   Level  Hunger
a - Apportation           Tloc           ###...       3%          1    None
b - Blink                 Tloc           N/A          4%          2    ##.....
c - Mephitic Cloud        Conj/Pois/Air  ##......     19%         3    ###....
d - Magic Dart            Conj           ##..         6%          1    None
e - Swiftness             Chrm/Air       ##......     6%          2    ##.....
f - Conjure Flame         Conj/Fire      #.......     28%         3    ###....
g - Shroud of Golubria    Chrm/Tloc      ###...       4%          2    ##.....

Your spell library contained the following spells:

 Spells                   Type           Power        Failure   Level  Hunger
 Shock                    Conj/Air       ##..         6%          1    None
 Animate Skeleton         Necr           N/A          16%         1    None
 Confusing Touch          Hex            #.....       16%         1    None
 Summon Small Mammal      Summ           #...         16%         1    None
 Gell's Gravitas          Tloc           ###.......   9%          3    ###....
 Lesser Beckoning         Tloc           ###.......   9%          3    ###....
 Teleport Other           Tloc           ###.....     9%          3    ###....
 Static Discharge         Conj/Air       ##......     19%         3    ###....
 Call Imp                 Summ           #.......     22%         2    ##.....
 Slow                     Hex            #.......     22%         2    ##.....
 Passage of Golubria      Tloc           N/A          28%         4    ####...
 Airstrike                Air            ##........   54%         4    ####...
 Lightning Bolt           Conj/Air       ##........   87%         5    ######.


Dungeon Overview and Level Annotations

Branches:
Dungeon (6/15)             Temple (1/1) D:4

Altars:
Ashenzari
Dithmenos
Elyvilon
Fedhas
Gozag
Hepliaklqana
Kikubaaqudgha
Nemelex Xobeh
Okawaru
Qazlal
Ru
Uskayaw
Vehumet
Wu Jian
Xom
Yredelemnul
Zin
The Shining One

Shops:
D:5 :==

Annotations:
D:3 1 runed translucent door, MTVSty1e's ghost, weakling MiGl
D:6 2 runed translucent doors


Innate Abilities, Weirdness & Mutations

You cannot wear most types of armour.
You are very stealthy in the water. (Stealth+)
You are amphibious.
You can wear up to eight rings at the same time.
You can use your tentacles to constrict eight enemies at once.
Your skin changes colour to match your surroundings (Stealth+).
Your rubbery body absorbs attacks. (AC +1, EV +1)


Message History

The orc priest seems less confused.
The orc wizard misses you.
The orc warrior hits you with a +0 flail!!
The orc priest misses you.
You slash the orc priest! You grab the orc priest.
The orc priest is almost dead.
You constrict the orc warrior. You constrict the orc priest.
You kill the orc priest!
You constrict the orc priest.
The orc wizard gestures at you while chanting.
The magic dart hits you!
The orc warrior hits you with a +0 flail!!
* * * LOW HITPOINT WARNING * * *
The orc priest barely misses you.
Casting: Mephitic Cloud (safe; 19% risk of failure)
Confirm with . or Enter, or press ? or * to list all spells.
You blink.
You lose your grip on the orc warrior.
You lose your grip on the orc priest.
The orc wizard gestures at you while chanting.
The magic dart hits you!
You die...

#............#.#.##.'.##++##
####....>....#.##.#####8h.8#
#.........##.#..# #8....8
#..........###### #!....)
#..........# #|....!
#.........## #8....8
##........# ##8..8#
##.......# ######@.# #..#
#o.## #†o.######..
#o.......... ##..........
###########


You could see an orc warrior, an orc priest (confused) and an orc wizard.

Vanquished Creatures
  Sigmund (D:3)
  Eustachio (D:6)
  Duvessa (D:6)
  2 ice beasts
  A phantom (D:4)
  A centaur (D:6)
  3 gnoll sergeants (D:5)
  Dowan (D:6)
  A bullfrog (D:6)
  A water moccasin skeleton (D:4)
  A scorpion (D:5)
  A howler monkey (D:5)
  3 hounds
  2 jellies
  3 crimson imps
  3 orc priests
  Crazy Yiuf (D:4)
  A gnoll shaman (D:5)
  An iguana (D:6)
  3 orc wizards
  3 worker ants
  A hound skeleton (D:6)
  Robin (D:3)
  A worker ant zombie (D:6)
  5 adders
  24 gnolls
  A shadow imp (D:6)
  An ooze (D:2)
  An adder skeleton (D:4)
  2 worms (D:2)
  2 dart slugs
  2 leopard geckos
  12 orcs
  5 bats
  4 giant cockroaches
  16 goblins
  14 hobgoblins
  15 jackals
  3 quokkas
  3 ball pythons
  6 frilled lizards
  A jackal skeleton (D:4)
  9 kobolds
  4 rats
168 creatures vanquished.

Vanquished Creatures (others)
  An ooze (D:5)
  2 withered plants (D:3)
3 creatures vanquished.

Grand Total: 171 creatures vanquished

Notes
Turn   | Place    | Note
-------+----------+-------------------------------------------
     0 | D:1      | Esekla the Octopode Warper began the quest for the Orb.
     0 | D:1      | Reached XP level 1. HP: 14/14 MP: 3/3
    90 | D:1      | Reached XP level 2. HP: 19/19 MP: 5/5
    94 | D:1      | Learned a level 2 spell: Shroud of Golubria
    97 | D:1      | Learned a level 2 spell: Blink
   678 | D:2      | Reached XP level 3. HP: 8/25 MP: 4/6
   994 | D:3      | Reached skill level 1 in Stealth
   994 | D:3      | Reached skill level 1 in Charms
   994 | D:3      | Reached XP level 4. HP: 28/30 MP: 7/7
  1008 | D:3      | Noticed Sigmund
  1239 | D:3      | Learned a level 1 spell: Apportation
  1510 | D:3      | Killed Sigmund
  1510 | D:3      | Reached XP level 5. HP: 25/36 MP: 6/8
  1510 | D:3      | Reached XP level 6. HP: 29/42 MP: 6/9
  1748 | D:3      | Found a runed translucent door.
  1748 | D:3      | Noticed MTVSty1e's ghost (weakling MiGl)
  1818 | D:3      | Noticed Robin
  1827 | D:3      | Killed Robin
  3245 | D:4      | Reached XP level 7. HP: 29/46 MP: 10/10
  3502 | D:4      | HP: 2/46 [phantom (8)]
  4092 | D:4      | Found a staircase to the Ecumenical Temple.
  4108 | Temple   | Entered the Ecumenical Temple
  4298 | Temple   | Became a worshipper of Ashenzari the Shackled
  4904 | D:5      | Entered Level 5 of the Dungeon
  5078 | D:5      | Found Xemoske's Jewellery Shoppe.
  5167 | D:5      | Found Yriarhed's Jewellery Shop.
  6175 | D:5      | Found Ved Daeh's Book Boutique.
  7046 | D:5      | Found a radiant altar of Vehumet.
  7067 | D:5      | Reached XP level 8. HP: 54/54 MP: 12/12
  7127 | D:5      | Learned a level 2 spell: Swiftness
  7451 | D:5      | Bought a book of Minor Magic for 240 gold pieces
  7453 | D:5      | Learned a level 1 spell: Magic Dart
  7457 | D:5      | Learned a level 3 spell: Mephitic Cloud
  7491 | D:5      | Found a runed translucent door.
  7492 | D:5      | Noticed Crazy Yiuf
  8594 | D:4      | Killed Crazy Yiuf
  8776 | D:6      | Noticed Eustachio
  8974 | D:6      | Killed Eustachio
  8974 | D:6      | Reached skill level 1 in Short Blades
  8974 | D:6      | Reached skill level 5 in Long Blades
  8974 | D:6      | Reached skill level 1 in Conjurations
  8974 | D:6      | Reached skill level 1 in Poison Magic
  8986 | D:6      | Found an ornate altar of the Wu Jian Council.
  9170 | D:6      | Reached skill level 1 in Air Magic
  9638 | D:6      | Noticed Duvessa
  9644 | D:6      | Found a large runed translucent door.
  9644 | D:6      | Found a large runed translucent door.
  9644 | D:6      | Noticed Dowan
  9815 | D:5      | Reached XP level 9. HP: 23/60 MP: 14/14
 10384 | D:5      | Reached skill level 5 in Fighting
 10484 | D:5      | Found a hazy altar of Hepliaklqana.
 10485 | D:5      | Found a shimmering altar of Xom.
 10485 | D:5      | Noticed a tentacled monstrosity
 10486 | D:5      | Noticed a tentacled monstrosity
 10486 | D:5      | Noticed a spectral ugly thing
 10647 | D:6      | Killed Duvessa
 10647 | D:6      | Reached skill level 1 in Polearms
 10662 | D:6      | Killed Dowan
 10822 | D:6      | Learned a level 3 spell: Conjure Flame
 11070 | D:6      | Identified the ring of the Barracuda {rC- EV+2 Dex+4}
 11141 | D:6      | Killed from afar by an orc wizard

Levels and vault maps discovered:
D:1:      wander_arrival_lonely_grave, layout_basic
D:2:      layout_basic
D:3:      layout_basic, gammafunk_ghost_grave, minmay_misc_feat_columns,
          uniq_robin, uniq_sigmund
D:4:      layout_layer_cave, minmay_temple_entry_hall, grunt_ministairs_10
D:5:      layout_cave_pools, regret_index_temple_of_mockery,
          fiery_altar_vehumet, first_ration, serial_gnoll_camp,
          gnoll_camp_huts_moat, gnoll_camp_mini_hut, gnoll_camp_mini_shop,
          gnoll_camp_mini_hut, gnoll_camp_mini_shop, serial_shops,
          nicolae_shop_stone, uniq_crazy_yiuf_cottage
D:6:      layout_rooms, lemuel_doored_altar, gammafunk_temple_overflow_claw,
          ebering_ghost_reflecting_pool, minmay_hollow_rounded_squares,
          uniq_eustachio, uniq_duvessa
Temple:   eino_narrow_crystal_temple

Skill      XL: |  1  2  3  4  5  6  7  8  9 |
---------------+----------------------------+-----
Dodging        | 3 4 |  4.5
Stealth        | 1 2 3 4 |  4.0
Charms         | 1 2 3 4 |  4.1
Fighting       | 3 4 5 |  5.0
Long Blades    | 3 4 5 |  5.9
Spellcasting   | 3 |  3.8
Short Blades   | 1 2 |  2.4
Conjurations   | 1 2 |  2.0
Poison Magic   | 2 |  2.7
Air Magic      | 1 2 |  2.0
Polearms       | 1 |  1.1
Throwing       | |  1.0
Translocations | |  3.9
Fire Magic     | |  0.1

Action                   |  1- 3 |  4- 6 |  7- 9 || total
-------------------------+-------+-------+-------++-------
Melee: Falchion          |    50 |   109 |   248 ||   407
       Constrict         |    18 |    34 |    70 ||   122
       Tentacles         |     7 |    26 |    65 ||    98
       Dagger            |       |     1 |     1 ||     2
       Scythe            |       |     1 |    15 ||    16
       Short sword       |       |       |   117 ||   117
Throw: Boomerang         |       |       |    11 ||    11
 Cast: Shroud of Golubri |     4 |     4 |     5 ||    13
       Blink             |       |       |    15 ||    15
       Apportation       |       |       |     3 ||     3
       Magic Dart        |       |       |    46 ||    46
       Mephitic Cloud    |       |       |     5 ||     5
  Use: Scroll            |       |     2 |     7 ||     9
       Potion            |       |       |     2 ||     2
 Stab: Sleeping          |     5 |    12 |     5 ||    22
       Confused          |       |       |     3 ||     3
       Distracted        |       |       |     1 ||     1
  Eat: Chunk             |       |     6 |    10 ||    16
       Ration            |       |       |     6 ||     6
Armor: Skin              |     6 |     5 |    18 ||    29
Dodge: Dodged            |    35 |    63 |   277 ||   375
       Rpst.: Falchion   |    11 |    27 |    48 ||    86
